 Dungeon Crawl Stone Soup version 0.24-a0-25-g8489be9 (webtiles) character file.

Game seed: 14162820739733200534

5 DrEnzyme the Magician (level 1, -1/7 HPs)
             Began as a Felid Wanderer on Feb 1, 2019.
             Slain by a goblin
             ... wielding a +0 dagger
              (5 damage)
             ... on level 1 of the Dungeon.
             The game lasted 00:02:52 (222 turns).

DrEnzyme the Magician (Felid Wanderer)               Turns: 222, Time: 00:02:52

Health: -1/7       AC:  1    Str:  8    XL:     1   Next: 66%
Magic:  3/7        EV: 15    Int: 12    God:
Gold:   11         SH:  0    Dex: 16    Spells: 8/10 levels left
                                        Lives:  0   Deaths: 0

rFire    . . .     SeeInvis +   (weapon unavailable)
rCold    . . .     Gourm    .   (shield unavailable)
rNeg     . . .     Faith    .   (armour unavailable)
rPois    .         Spirit   .   (helmet unavailable)
rElec    .         Reflect  .   (cloak unavailable)
rCorr    .         Harm     .   (gloves unavailable)
MR       .....                  (boots unavailable)
Stlth    ++........             (no amulet)
HPRegen  0.02/turn              (no ring)
MPRegen  0.10/turn              (no ring)

@: very slightly contaminated, quick
A: very small, no armour, no weapons or thrown items, stealth, claws 1, fangs 3,
see invisible, carnivore, speed 1, shaggy fur 1, slow metabolism 1, sharp paws
a: no special abilities


You were on level 1 of the Dungeon.
You were very full.

You visited 1 branch of the dungeon, and saw 1 of its levels.

You collected 11 gold pieces.

Inventory:

Scrolls
 b - a scroll of teleportation {unknown}
 c - a scroll of fog {unknown}
Potions
 a - a potion of magic {unknown}
Comestibles
 f - a ration


   Skills:
 * Level 0.4 Dodging
 * Level 1.4 Stealth
 + Level 5.1 Spellcasting
 * Level 0.2 Conjurations
   Level 1.5 Hexes
   Level 1.2 Charms
   Level 1.0 Earth Magic
   Level 1.1 Evocations


You had 8 spell levels left.
You knew the following spells:

 Your Spells              Type           Power        Failure   Level  Hunger
a - Summon Butterflies    Summ           #.......     21%         1    None
b - Magic Dart            Conj           #...         19%         1    None

Your spell library contained the following spells:

 Spells                   Type           Power        Failure   Level  Hunger
 Slow                     Hex            #.......     16%         2    ##.....
 Blink                    Tloc           N/A          30%         2    ##.....
 Call Imp                 Summ           #.......     30%         2    ##.....
 Conjure Flame            Conj/Fire      #.......     50%         3    ###....
 Mephitic Cloud           Conj/Pois/Air  #.......     50%         3    ###....
 Recall                   Summ/Tloc      N/A          52%         3    ###....


Dungeon Overview and Level Annotations

Branches:
Dungeon (1/15)

Altars:


Innate Abilities, Weirdness & Mutations

You cannot wear armour.
You are incapable of wielding weapons or throwing items.
Your paws allow you to move quietly. (Stealth)
You have sharp claws.
You have razor-sharp teeth.
You have supernaturally acute eyesight. (SInv)
You are carnivorous and can eat meat at any time.
You cover ground quickly.
You are covered in fur. (AC +1)
You have a slow metabolism.
Your sharp claws are effective at attacking unaware monsters.


Message History

Found a stone staircase leading down.
You open the door.
There is an open door here.
Casting: Magic Dart (safe; 19% risk of failure)
Confirm with . or Enter, or press ? or * to list all spells.
You miscast Summon Butterflies.
Nothing appears to happen.
The jackal barks!
A jackal comes into view.
The jackal barks!
The goblin hits you with a +0 dagger.
Casting: Summon Butterflies (safe; 21% risk of failure)
Confirm with . or Enter, or press ? or * to list all spells.
Aiming: Magic Dart (safe; 19% risk of failure)
Press: ? - help, Shift-Dir - straight line, f - goblin
Aim: a goblin, wielding a +0 dagger The magic dart hits the goblin.
The goblin is moderately wounded.
The goblin hits you with a +0 dagger.
Ouch! That really hurt!
You die...

..#...r..# #......##...###
#.#......# #......#......#
......l..####.....).......###
#..............h...........#
#...........).....)........#
#.............h...#........#
#.................##########
.....##.####...>...# ....
#.#######@h..###.. ...
#.l.....##g......#
#.......##..........
#......J'...........
#........h##..........
##........#.......#...
#.....##$#.....(.#...
..........#.....### ..
...........#.....#


You could see 3 jackals and a goblin.

Vanquished Creatures
  A bat (D:1)
  A goblin (D:1)
  2 hobgoblins (D:1)
4 creatures vanquished.

Notes
Turn   | Place    | Note
-------+----------+-------------------------------------------
     0 | D:1      | DrEnzyme the Felid Wanderer began the quest for the Orb.
     0 | D:1      | DrEnzyme set off with the following items: a ration; and
                  | the following spells available to memorise: Slow, Magic
                  | Dart, Summon Butterflies, Blink, Call Imp, Conjure Flame,
                  | Mephitic Cloud, Recall
     0 | D:1      | Reached XP level 1. HP: 7/7 MP: 7/7
     2 | D:1      | Learned a level 1 spell: Summon Butterflies
     4 | D:1      | Learned a level 1 spell: Magic Dart
   222 | D:1      | Slain by a goblin

Vault maps used:
D:1:      dpeg_arrival_court, chequers_serial_rivers_micro_e

Action                   || total
-------------------------++-------
 Cast: Magic Dart        ||    12
  Eat: Chunk             ||     5

Table legend:
 A = Non-vault XP
 B = Vault XP
 C = Vault XP percentage of total XP
 D = Non-vault monster count
 E = Vault monster count
 F = Vault count percentage of total count
                 A         B        C        D         E       F
            +---------+---------+-------+---------+---------+-------
      Total |       8 |       0 |   0.0 |       4 |       0 |   0.0
            +---------+---------+-------+---------+---------+-------
        D:1 |       8 |       0 |   0.0 |       4 |       0 |   0.0
            +---------+---------+-------+---------+---------+-------
